TOP OF THE 1ST |
Miami Marlins batting - Pitching for New York Mets : RHP Luis Severino
|
Pitching: RHP Luis Severino
|
|
Batting: LHB Adam Frazier
|
0-0: Called Strike 0-1: Foul Ball, location: 2F 0-2: Foul Ball, location: 2F 0-2: Ball 1-2: Strikes out swinging
|
Batting: RHB Javier Baez
|
0-0: Ball 1-0: Ball 2-0: Fly out, F7 (Line Drive, 7S)
|
Batting: SHB Francisco Lindor
|
0-0: Called Strike 0-1: Fly out, F8 (Flyball, 8LS)
|
Top of the 1st over - 0 runs, 0 hits, 0 errors, 0 left on base; Miami 0 - New York 0 |
BOTTOM OF THE 1ST |
New York Mets batting - Pitching for Miami Marlins : RHP Tanner Roark
|
Pitching: RHP Tanner Roark
|
|
Batting: SHB Jonathan Villar
|
0-0: Called Strike 0-1: Called Strike 0-2: SINGLE (Flyball, 7S)
|
Batting: RHB Starlin Castro
|
0-0: Ball 1-0: Ball 2-0: Called Strike 2-1: Foul Ball, location: 2F 2-2: Strikes out swinging
|
Batting: LHB Eddie Rosario
|
0-0: Ball 1-0: Swinging Strike 1-1: Fielders Choice at 2nd, 3-6 (Groundball, 3S)
|
Batting: LHB Travis Shaw
|
0-0: Foul Ball, location: 2F 0-1: Ground out 6-3 (Groundball, 4S)
|
Bottom of the 1st over - 0 runs, 1 hit, 0 errors, 1 left on base; Miami 0 - New York 0 |
TOP OF THE 2ND |
Miami Marlins batting - Pitching for New York Mets : RHP Luis Severino
|
Batting: RHB C.J. Cron
|
0-0: Called Strike 0-1: Reached on error, E6 (Groundball, 6)
|
Batting: LHB Max Kepler
|
0-0: Ball 1-0: Ball 2-0: Foul Ball, location: 2F 2-1: Ball 3-1: Fly out, F9 (Flyball, 89M)
|
Batting: RHB Ian Desmond
|
0-0: Ball 1-0: SINGLE (Line Drive, 6M) C.J. Cron to second
|
Batting: RHB Charlie Culberson
|
0-0: Ball 1-0: Foul Ball, location: 2F 1-1: Ball 2-1: Called Strike 2-2: Fielders Choice at 2nd, 6-4 (Groundball, 6) C.J. Cron to third
|
Batting: RHB Francisco Pena
|
0-0: Called Strike 0-1: Foul Ball, location: 2F 0-2: Ball 1-2: Strikes out looking
|
Top of the 2nd over - 0 runs, 1 hit, 1 error, 2 left on base; Miami 0 - New York 0 |
BOTTOM OF THE 2ND |
New York Mets batting - Pitching for Miami Marlins : RHP Tanner Roark
|
Batting: LHB Scott Schebler
|
0-0: Ball 1-0: Foul Ball, location: 2F 1-1: Swinging Strike 1-2: Ball 2-2: Strikes out looking
|
Batting: LHB Mitch Moreland
|
0-0: Called Strike 0-1: Ball 1-1: Ball 2-1: DOUBLE (Groundball, 3L)
|
Batting: RHB Salvador Perez
|
0-0: Fly out, F7 (Flyball, 78S)
|
Batting: RHB Nick Ahmed
|
0-0: Swinging Strike 0-1: Ball 1-1: Foul Ball, location: 2F 1-2: Foul Ball, location: 2F 1-2: Foul Ball, location: 2F 1-2: Strikes out swinging
|
Bottom of the 2nd over - 0 runs, 1 hit, 0 errors, 1 left on base; Miami 0 - New York 0 |
TOP OF THE 3RD |
Miami Marlins batting - Pitching for New York Mets : RHP Luis Severino
|
Batting: RHB Tanner Roark
|
0-0: Ball 1-0: Foul Ball, location: 2F 1-1: SINGLE (Flyball, 89S)
|
Batting: LHB Adam Frazier
|
0-0: Foul Ball, location: 2F 0-1: Ball 1-1: Ball 2-1: Fly out, F5 (Line Drive, 5)
|
Batting: RHB Javier Baez
|
0-0: Ball 1-0: Ball 2-0: Foul Ball, location: 2F 2-1: Foul Ball, location: 2F 2-2: Ball 3-2: Foul Ball, location: 2F 3-2: Strikes out swinging
|
Batting: SHB Francisco Lindor
|
0-0: Ball 1-0: Called Strike 1-1: Ball 2-1: Reached on error, E4 (Groundball, 4) Tanner Roark to second
|
Batting: RHB C.J. Cron
|
0-0: Ball 1-0: Foul Ball, location: 2F 1-1: Called Strike 1-2: Foul Ball, location: 2F 1-2: Fly out, F8 (Flyball, 78D)
|
Top of the 3rd over - 0 runs, 1 hit, 1 error, 2 left on base; Miami 0 - New York 0 |
BOTTOM OF THE 3RD |
New York Mets batting - Pitching for Miami Marlins : RHP Tanner Roark
|
Batting: RHB Luis Severino
|
0-0: Foul Ball, location: 2F 0-1: Swinging Strike 0-2: Strikes out swinging
|
Batting: SHB Jonathan Villar
|
0-0: Ball 1-0: SINGLE (Line Drive, 8RS)
|
Batting: RHB Starlin Castro
|
0-0: Called Strike 0-1: Ball 1-1: Ball 2-1: Ball 3-1: Fly out, F4 (Popup, 4MD)
|
Batting: LHB Eddie Rosario
|
0-0: Foul Ball, location: 2F 0-1: Ball 1-1: Called Strike Jonathan Villar to 3rd Jonathan Villar to third 1-2: Ground out U3 (Groundball, 34)
|
Bottom of the 3rd over - 0 runs, 1 hit, 1 error, 1 left on base; Miami 0 - New York 0 |
TOP OF THE 4TH |
Miami Marlins batting - Pitching for New York Mets : RHP Luis Severino
|
Batting: LHB Max Kepler
|
0-0: Called Strike 0-1: Ball 1-1: Ball 2-1: Ball 3-1: Fly out, F7 (Flyball, 7LS)
|
Batting: RHB Ian Desmond
|
0-0: Called Strike 0-1: Ball 1-1: Foul Ball, location: 2F 1-2: Foul Ball, location: 2F 1-2: Ball 2-2: Strikes out swinging, 2-3 out at first.
|
Batting: RHB Charlie Culberson
|
0-0: Called Strike 0-1: Ball 1-1: Foul Ball, location: 2F 1-2: Strikes out looking
|
Top of the 4th over - 0 runs, 0 hits, 0 errors, 0 left on base; Miami 0 - New York 0 |
BOTTOM OF THE 4TH |
New York Mets batting - Pitching for Miami Marlins : RHP Tanner Roark
|
Batting: LHB Travis Shaw
|
0-0: Called Strike 0-1: Called Strike 0-2: Ball 1-2: Foul Ball, location: 2F 1-2: Ball 2-2: Ground out U3 (Groundball, 34S)
|
Batting: LHB Scott Schebler
|
0-0: Called Strike 0-1: Swinging Strike 0-2: Ball 1-2: Foul Ball, location: 2F 1-2: Ball 2-2: Ball 3-2: Base on Balls
|
Batting: LHB Mitch Moreland
|
0-0: Foul Ball, location: 2F 0-1: Ball 1-1: Foul Ball, location: 2F 1-2: Strikes out swinging
|
Batting: RHB Salvador Perez
|
0-0: Foul Ball, location: 2F 0-1: Swinging Strike 0-2: Ball 1-2: DOUBLE (Line Drive, 5D) Scott Schebler to third
|
Batting: RHB Nick Ahmed
|
0-0: Ground out 4-3 (Groundball, 4)
|
Bottom of the 4th over - 0 runs, 1 hit, 0 errors, 2 left on base; Miami 0 - New York 0 |
TOP OF THE 5TH |
Miami Marlins batting - Pitching for New York Mets : RHP Luis Severino
|
Batting: RHB Francisco Pena
|
0-0: Ball 1-0: Called Strike 1-1: Called Strike 1-2: Foul Ball, location: 2F 1-2: Foul Ball, location: 2F 1-2: Foul Ball, location: 2F 1-2: Ball 2-2: Strikes out swinging
|
Batting: RHB Tanner Roark
|
0-0: Ball 1-0: Ground out 5-3 (Groundball, 56)
|
Batting: LHB Adam Frazier
|
0-0: Fly out, F7 (Flyball, 78D)
|
Top of the 5th over - 0 runs, 0 hits, 0 errors, 0 left on base; Miami 0 - New York 0 |
BOTTOM OF THE 5TH |
New York Mets batting - Pitching for Miami Marlins : RHP Tanner Roark
|
Batting: RHB Luis Severino
|
0-0: Ground out 6-3 (Groundball, 6)
|
Batting: SHB Jonathan Villar
|
0-0: Called Strike 0-1: Fly out, F8 (Flyball, 8RXD)
|
Batting: RHB Starlin Castro
|
0-0: Fly out, F9 (Flyball, 89M)
|
Bottom of the 5th over - 0 runs, 0 hits, 0 errors, 0 left on base; Miami 0 - New York 0 |
TOP OF THE 6TH |
Miami Marlins batting - Pitching for New York Mets : RHP Luis Severino
|
Batting: RHB Javier Baez
|
0-0: Ball 1-0: Ball 2-0: Bunt for hit to 15S - play at first, batter OUT! 1-3
|
Batting: SHB Francisco Lindor
|
0-0: Ball 1-0: Ball 2-0: Called Strike 2-1: Fly out, F9 (Flyball, 89XD)
|
Batting: RHB C.J. Cron
|
0-0: Ball 1-0: Foul Ball, location: 2F 1-1: Called Strike 1-2: Ball 2-2: Strikes out swinging
|
Top of the 6th over - 0 runs, 0 hits, 0 errors, 0 left on base; Miami 0 - New York 0 |
BOTTOM OF THE 6TH |
New York Mets batting - Pitching for Miami Marlins : RHP Tanner Roark
|
Batting: LHB Eddie Rosario
|
0-0: SINGLE (Groundball, 56) (infield hit)
|
Batting: LHB Travis Shaw
|
0-0: Ball Eddie Rosario steals 2nd base 1-0: Ground out U3 (Groundball, 3S) Eddie Rosario to third
|
Batting: LHB Scott Schebler
|
0-0: Ball 1-0: Ball 2-0: Ball 3-0: Base on Balls
|
Batting: LHB Mitch Moreland
|
0-0: Called Strike 0-1: Foul Ball, location: 2F 0-2: Ball 1-2: Ball 2-2: Ball 3-2: Strikes out looking Scott Schebler steals 2nd base Batter strikes out.
|
Batting: RHB Salvador Perez
|
0-0: Fly out, F7 (Flyball, 78S)
|
Bottom of the 6th over - 0 runs, 1 hit, 0 errors, 2 left on base; Miami 0 - New York 0 |
TOP OF THE 7TH |
Miami Marlins batting - Pitching for New York Mets : RHP Luis Severino
|
Pitching: RHP Drew Steckenrider
|
|
Batting: LHB Max Kepler
|
0-0: Ball 1-0: Ball 2-0: Called Strike 2-1: Called Strike 2-2: Foul Ball, location: 2F 2-2: Strikes out swinging
|
Batting: RHB Ian Desmond
|
0-0: Swinging Strike 0-1: Ball 1-1: Fly out, F2 (Popup, 13S)
|
Batting: RHB Charlie Culberson
|
0-0: Ball 1-0: Ball 2-0: Ground out 5-3 (Groundball, 5L)
|
Top of the 7th over - 0 runs, 0 hits, 0 errors, 0 left on base; Miami 0 - New York 0 |
BOTTOM OF THE 7TH |
New York Mets batting - Pitching for Miami Marlins : RHP Tanner Roark
|
Batting: RHB Nick Ahmed
|
0-0: Ball 1-0: Ball 2-0: Fly out, F8 (Flyball, 89M)
|
Pinch Hitting: RHB Erik Gonzalez
|
0-0: Ball 1-0: Called Strike 1-1: Ball 2-1: Ball 3-1: Ground out 4-3 (Groundball, 4S)
|
Batting: SHB Jonathan Villar
|
0-0: Ball 1-0: Called Strike 1-1: Called Strike 1-2: Strikes out swinging
|
Bottom of the 7th over - 0 runs, 0 hits, 0 errors, 0 left on base; Miami 0 - New York 0 |
TOP OF THE 8TH |
Miami Marlins batting - Pitching for New York Mets : RHP Drew Steckenrider
|
Pitching: LHP Andrew Suarez
|
|
Batting: RHB Francisco Pena
|
0-0: Ball 1-0: Foul Ball, location: 2F 1-1: Foul Ball, location: 2F 1-2: DOUBLE (Line Drive, 3D)
|
Batting: RHB Tanner Roark
|
0-0: Bunt - Flyout to 2R! F2
|
Pinch Hitting: RHB Yasmany Tomas
|
0-0: Intentional Walk
|
Batting: RHB Javier Baez
|
0-0: Swinging Strike 0-1: Ball 1-1: Ball 2-1: Grounds into double play, 5-4-3 (Groundball, 56S)
|
Top of the 8th over - 0 runs, 1 hit, 0 errors, 1 left on base; Miami 0 - New York 0 |
BOTTOM OF THE 8TH |
New York Mets batting - Pitching for Miami Marlins : RHP Tanner Roark
|
Pitching: RHP Tyler Clippard
|
|
Now in RF: Yasmany Tomas
|
|
Batting: RHB Starlin Castro
|
0-0: Called Strike 0-1: Called Strike 0-2: Ball 1-2: Foul Ball, location: 2F 1-2: Foul Ball, location: 2F 1-2: SOLO HOME RUN (Flyball, 9LD), Distance : 356 ft
|
Batting: LHB Eddie Rosario
|
0-0: Ball 1-0: Ball 2-0: Ball 3-0: Called Strike 3-1: Base on Balls
|
Batting: LHB Travis Shaw
|
0-0: Grounds into double play, 4-5-3 (Groundball, 4)
|
Batting: LHB Scott Schebler
|
0-0: Ball 1-0: Ball 2-0: Ball 3-0: Base on Balls
|
Batting: LHB Mitch Moreland
|
0-0: Fielders Choice at 2nd, 6-5 (Groundball, 4)
|
Bottom of the 8th over - 1 run, 1 hit, 0 errors, 1 left on base; Miami 0 - New York 1 |
TOP OF THE 9TH |
Miami Marlins batting - Pitching for New York Mets : LHP Andrew Suarez
|
Pitching: RHP Corey Knebel
|
|
Batting: SHB Francisco Lindor
|
0-0: Ball 1-0: Fly out, F7 (Flyball, 78M)
|
Batting: RHB C.J. Cron
|
0-0: Ball 1-0: Called Strike 1-1: Foul Ball, location: 2F 1-2: Ball 2-2: Strikes out swinging
|
Batting: LHB Max Kepler
|
0-0: Foul Ball, location: 2F 0-1: Ball 1-1: Ball 2-1: Ball 3-1: Foul Ball, location: 2F 3-2: Base on Balls
|
Batting: RHB Ian Desmond
|
0-0: Ball 1-0: Ground out 6-3 (Groundball, 6M)
|
Top of the 9th over - 0 runs, 0 hits, 0 errors, 1 left on base; Miami 0 - New York 1 |
|